 Dungeon Crawl Stone Soup version 0.31-a0-662-g684573625c (webtiles) character file.

Game seed: 11693955313147109772

261 demibob the Insei (level 5, -1/41 HPs)
             Began as a Demonspawn Monk on Sept 2, 2023.
             Slain by a wraith (9 damage)
             ... in an ossuary.
             The game lasted 00:03:51 (2497 turns).

demibob the Insei (Demonspawn Monk)                 Turns: 2497, Time: 00:03:52

Health: -1/41      AC:  4    Str: 13    XL:     5   Next: 96%
Magic:  5/5        EV: 13    Int: 11    God:
Gold:   123        SH:  0    Dex: 16    Spells: 4/4 levels left

rFire   . .          .
                       - Unarmed
rCold   . . .        c - orb {light}
rNeg    . . .        a - +0 robe
rPois   .            (no helmet)
rElec   .            (no cloak)
rCorr   .            (no gloves)
SInv    .            (no boots)
Will    .....        (no amulet)
Stlth   +            (no ring)
HPRegen 0.26/turn    (no ring)
MPRegen 0.09/turn

%: no passive effects
@: slowed, glowing, very slow
A: yellow scales 1, powered by death 2
a: no special abilities


You were in an ossuary.
You visited 1 branch of the dungeon, and saw 4 of its levels.
You also visited: Ossuary.

You collected 123 gold pieces.


Innate Abilities, Weirdness & Mutations

You are partially covered in yellow scales. (AC +2)
You regenerate health from kills.


   Skills:
 - Level 3.0 Fighting
 - Level 2.6 Dodging
 + Level 6.1 Unarmed Combat


You had 4 spell levels left.
You didn't know any spells.
Your spell library was empty.

Inventory:

Armour
 a - a +0 robe (worn)
 c - an orb of light (worn)
 g - a +1 pair of boots
Jewellery
 f - a ring of fire
 F - a ring of fire
 I - a +6 ring of intelligence
Wands
 j - a wand of polymorph (7)
Scrolls
 h - 4 scrolls of identify {@r1}
Potions
 b - a potion of ambrosia
 d - a potion of might
 e - 2 potions of enlightenment
 i - 4 potions of curing {@q1}

Dungeon Overview and Level Annotations

Branches:
Dungeon (4/15)            Ossuary (1/1)
 Temple: D:4-7

Altars:

Annotations:
D:3 2 transporters, pants's ghost, amateur TrBe
D:4 Grinder

▒▒.....▒▒ ▒▒...▒▒
▒▒▒▒▒'''▒▒▒▒▒▒▒▒▒
.................
................
###..###..###..###
#..# #..#.#..#?#
#..#+#..#'#..#W# ▒
#.#..#.#..#.#..#@#..▒
....................▒
....................▒
.....###......####..▒
.8...# #...8...+ ..▒
.....# #......## ..▒
.....# #........ .▒
...... .......... .▒
####. ...####.###


You could see a wraith.


Message History

You open the door.
A wraith comes into view.
Found a scroll labelled YLUDAE HIDDY.
You hit the wraith but do no damage. The wraith hits you.
The wraith drains your vigour!
You feel yourself slow down.
You hit the wraith but do no damage. The wraith hits you!
The wraith drains your vigour!
You feel as though you will be slow longer.
You barely miss the wraith. The wraith closely misses you.
The wraith barely misses you.
You hit the wraith but do no damage. The wraith hits you.
The wraith drains your vigour!
You feel as though you will be slow longer.
You barely miss the wraith. The wraith barely misses you.
You barely miss the wraith. The wraith barely misses you. The wraith hits you!
* * * LOW HITPOINT WARNING * * *
The wraith drains your vigour!
You feel as though you will be slow longer.
You are too injured to fight recklessly!
You hit the wraith.
The wraith is lightly damaged.
The wraith hits you!
* * * LOW HITPOINT WARNING * * *
The wraith drains your vigour!
You feel as though you will be slow longer.
You hit the wraith.
The wraith is moderately damaged.
The wraith hits you!
You die...

Skill      XL: |  1  2  3  4  5 |
---------------+----------------+-----
Unarmed Combat | 3 4 5 6 |  6.1
Fighting       | |  3.0
Dodging        | |  2.6

Action                     |  1- 3 |  4- 6 || total
---------------------------+-------+-------++-------
  Melee: Unarmed           |   140 |   133 ||   273
    Use: Scroll            |     5 |     5 ||    10
         Potion            |       |     1 ||     1
 Armour: Robe              |    59 |    76 ||   135
  Dodge: Dodged            |    74 |    76 ||   150

Levels and vault maps discovered:
D:1:      sevenhm_arrival_forest_fort_large_2, layout_loops_corners
D:2:      layout_basic, ebering_ecumenical_altar_sacrificial,
          serial_park_tiny_pond, nicolae_concentric_dashed_squares_mild
D:3:      layout_basic, mainiacjoe_overflow_small_starburst,
          gammafunk_ghost_stat_death
D:4:      layout_basic, nicolae_ossuary_entry_ruins, kennysheep_generic_room_14,
          uniq_grinder
Ossuary:  ossuary_kennysheep_city_of_the_dead

Notes
Turn   | Place    | Note
-------+----------+-------------------------------------------
     0 | D:1      | demibob the Demonspawn Monk began the quest for the Orb.
     0 | D:1      | Reached XP level 1. HP: 18/18 MP: 1/1
   183 | D:1      | Reached skill level 3 in Unarmed Combat
   363 | D:1      | Gained mutation: You regenerate a little health from kills.
                  | [demonic ancestry]
   363 | D:1      | Reached XP level 2. HP: 24/24 MP: 2/2
   991 | D:2      | Gained mutation: You regenerate health from kills. [demonic
                  | ancestry]
   991 | D:2      | Reached XP level 3. HP: 29/29 MP: 3/3
   997 | D:2      | Reached skill level 4 in Unarmed Combat
  1140 | D:2      | Found a faded altar of an unknown god.
  1523 | D:3      | Gained mutation: You are partially covered in yellow
                  | scales. (AC +2) [demonic ancestry]
  1523 | D:3      | Reached XP level 4. HP: 24/35 MP: 4/4
  1764 | D:3      | Found a transporter.
  1772 | D:3      | Found a transporter.
  1776 | D:3      | Noticed pants's ghost (amateur TrBe)
  2047 | D:4      | Reached skill level 5 in Unarmed Combat
  2082 | D:4      | Found a sand-covered staircase.
  2085 | D:4      | Noticed Grinder
  2097 | D:4      | Noticed a bullfrog
  2100 | D:4      | Paralysed by Grinder for 5 turns
  2310 | D:4      | Killed a bullfrog
  2311 | D:4      | Reached XP level 5. HP: 19/41 MP: 5/5
  2381 | Ossuary  | Entered an ossuary
  2381 | Ossuary  | Noticed a wraith
  2381 | Ossuary  | Noticed a wraith
  2381 | Ossuary  | Noticed a wraith
  2465 | Ossuary  | Reached skill level 6 in Unarmed Combat
  2489 | Ossuary  | Noticed a wraith
  2497 | Ossuary  | Slain by a wraith

Vanquished Creatures
  An elf zombie (Ossuary)
  A bullfrog (D:4)
  4 adders
  A worm (D:4)
  A dart slug (D:2)
  4 orcs
  6 endoplasms
  4 giant cockroaches
  A gnoll zombie (Ossuary)
  6 goblins
  6 hobgoblins
  7 jackals
  2 quokkas (D:1)
  8 ball pythons
  A bat (D:2)
  2 frilled lizards
  A hobgoblin zombie (Ossuary)
  9 kobolds
  A kobold zombie (Ossuary)
  9 rats
75 creatures vanquished.

Table legend: (Time is in decaauts)
 A = Elapsed time spent in this place.
 B = Non-inter-level travel time spent in this place.
 C = Inter-level travel time spent in this place.
 D = Time resting spent in this place.
 E = Time spent auto-exploring this place.
 F = Levels seen in this place.
 G = Mean time per level.
                   A        B        C        D        E       F      G
               +--------+--------+--------+--------+--------+-----+--------+
         Total |   2478 |   2404 |     74 |     49 |   1858 |   5 |  495.6 |
       Dungeon |   2364 |   2290 |     74 |     49 |   1797 |   4 |  591.0 |
       Ossuary |    114 |    114 |      0 |      0 |     61 |   1 |  114.0 |
               +--------+--------+--------+--------+--------+-----+--------+

Top non-repeatable levels by time:
     D:1: 964 daAuts
     D:3: 578 daAuts
     D:2: 457 daAuts
     D:4: 363 daAuts
 Ossuary: 114 daAuts

Table legend:
 A = Non-vault XP
 B = Vault XP
 C = Vault XP percentage of total XP
 D = Non-vault monster count
 E = Vault monster count
 F = Vault count percentage of total count
                 A         B        C        D         E       F
            +---------+---------+-------+---------+---------+-------
      Total |     265 |     109 |  29.1 |      71 |       4 |   5.3
            +---------+---------+-------+---------+---------+-------
        D:1 |      33 |       0 |   0.0 |      23 |       0 |   0.0
        D:2 |      39 |       0 |   0.0 |      17 |       0 |   0.0
        D:3 |      79 |       0 |   0.0 |      22 |       0 |   0.0
        D:4 |     114 |       0 |   0.0 |       9 |       0 |   0.0
    Ossuary |       0 |     109 | 100.0 |       0 |       4 | 100.0
            +---------+---------+-------+---------+---------+-------
